 Dungeon Crawl Stone Soup version 0.13-a0-1585-g6f4f798 (webtiles) character file.

105 Koal the Ogre Mage (level 3, 0/28 HPs)
             Began as an Ogre Wizard on June 12, 2013.
             Succumbed to an adder's poison
             ... on Level 2 of the Dungeon.
             The game lasted 00:07:51 (2033 turns).

Koal the Ogre Mage (Ogre Wizard)                    Turns: 2033, Time: 00:07:52

HP   0/28        AC  3     Str 12      XL: 3   Next: 93%
MP   8/10        EV  9     Int 23      God:
Gold 50          SH  0     Dex  8      Spells:  3 memorised,  5 levels left

Res.Fire  : . . .   See Invis. : .   a - +1,+3 orc whip
Res.Cold  : . . .   Warding    : .   j - +0 robe
Life Prot.: . . .   Conserve   : .   (shield restricted)
Res.Poison: .       Res.Corr.  : .   b - +0 wizard hat
Res.Elec. : .       Clarity    : .   (no cloak)
Sust.Abil.: . .     Spirit.Shd : .   (gloves unavailable)
Res.Mut.  : .       Stasis     : .   (boots unavailable)
Res.Rott. : .       Flight     : .   (no amulet)
Saprovore : + . .                    (no ring)
                                     (no ring)

@: brilliant, mildly poisoned, slightly resistant to hostile enchantments,
unstealthy
A: unfitting armour, fast metabolism 1, saprovore 1, tough skin 1
a: no special abilities


You were on level 2 of the Dungeon.
You were not hungry.

You visited 1 branch of the dungeon, and saw 2 of its levels.

You collected 30 gold pieces.

Inventory:

Hand weapons
 a - a +1,+3 orcish whip (weapon)
Missiles
 k - 3 darts
 m - 10 poisoned needles
 n - 5 large rocks (quivered)
Armour
 b - a +0 wizard hat (worn)
 j - a +0 robe (worn)
Comestibles
 d - 4 meat rations
 t - an apple
Scrolls
 e - 3 scrolls of identify {unknown}
 f - a scroll of blinking {unknown}
 g - 2 scrolls of teleportation {unknown}
 h - 2 scrolls of fear {unknown}
 l - 4 scrolls of enchant weapon I {unknown}
 o - a scroll of amnesia {unknown}
 p - a scroll of random uselessness {unknown}
 q - a scroll of enchant armour {unknown}
 r - 2 scrolls of remove curse {unknown}
 s - a scroll of noise {unknown}
Potions
 i - a potion of brilliance
Books
 c - a book of Minor Magic

   Spells                             Type                      Level
   *Magic Dart                        Conjuration                  1
   *Blink                             Translocation                2
   *Call Imp                          Summoning                    2
   Repel Missiles                     Charms/Air                   2
   Slow                               Hexes                        2
   Conjure Flame                      Conjuration/Fire             3
   Mephitic Cloud                     Conjuration/Poison/Air       3


   Skills:
 + Level 1.5 Maces & Flails
 - Level 1.7 Dodging
 - Level 1.5 Stealth
 - Level 4.0 Spellcasting
 + Level 1.6 Conjurations
 - Level 1.2 Summonings
 + Level 1.0 Translocations


You had 5 spell levels left.
You knew the following spells:

 Your Spells              Type           Power        Failure   Level  Hunger
a - Magic Dart            Conj           ####         1%          1    None
b - Call Imp              Summ           ###.......   1%          2    #......
c - Blink                 Tloc           N/A          1%          2    #......


Dungeon Overview and Level Annotations

Branches:
Dungeon (2/27)

Altars:
Sif Muna


Innate Abilities, Weirdness & Mutations

You are too large for most types of armour.
You have a fast metabolism.
You can tolerate rotten meat.
You have tough skin (AC +1).


Message History

The adder bites you but does no damage.
Your white imp barely misses the adder.
You closely miss the adder.
The adder is moderately wounded.
You feel sick.
You feel a little better. The adder bites you.
* * * LOW HITPOINT WARNING * * *
You are more poisoned.
The adder poisons you!
Your white imp barely misses the adder.
Drink which item? (? for menu, Esc to quit)
You feel more clever all of a sudden.
It was a potion of brilliance.
* * * LOW HITPOINT WARNING * * *
You feel sick. The adder bites you.
* * * LOW HITPOINT WARNING * * *
You are more poisoned.
The adder poisons you!
Your white imp misses the adder.
You barely miss the adder.
The adder is moderately wounded.
You die...

#####.#...........#...###..#.#
#.#.........###...###..#.#
#.#......................#
#.#........#####.####..######
# #.#........+
....[........... ..
...........######.###..#####.
# ...#.......##... . #..# ###
...#.......##.#######..# >..
... .......S@..........# .#.
.......5#....#######
.......###### .%####. # #. #.
#. #. .


You could see an adder and a friendly white imp.

Vanquished Creatures
  2 adders (D:2)
  A ball python (D:1)
  5 bats
  A giant cockroach (D:1)
  5 goblins
  5 hobgoblins
  A quokka (D:2)
  3 giant newts
  7 kobolds
  6 rats
36 creatures vanquished.

Vanquished Creatures (collateral kills)
  A bat (D:1)
  2 jackals (D:1)
3 creatures vanquished.

Vanquished Creatures (others)
  A goblin (D:2)
  A giant newt (D:1)
2 creatures vanquished.

Grand Total: 41 creatures vanquished

Notes
Turn   | Place    | Note
--------------------------------------------------------------
     0 | D:1      | Koal, the Ogre Wizard, began the quest for the Orb.
     0 | D:1      | Reached XP level 1. HP: 14/14 MP: 5/5
   282 | D:1      | Reached skill level 1 in Conjurations
   508 | D:1      | Reached XP level 2. HP: 22/22 MP: 2/7
   513 | D:1      | Learned a level 2 spell: Call Imp
   516 | D:1      | Learned a level 2 spell: Blink
   648 | D:1      | Reached skill level 1 in Maces & Flails
   851 | D:1      | Reached skill level 1 in Summonings
  1185 | D:2      | Reached XP level 3. HP: 25/28 MP: 2/9
  1346 | D:2      | Reached skill level 4 in Spellcasting
  1893 | D:2      | Reached skill level 1 in Translocations
  1941 | D:2      | Found a deep blue altar of Sif Muna.
  2032 | D:2      | HP: 1/28 [adder (4)]
  2033 | D:2      | Succumbed to an adder's poison

Action                   || total
-------------------------++-------
Melee: Club              ||     4
       Unarmed           ||     1
       Whip              ||    47
Throw: Large rock        ||    14
 Cast: Magic Dart        ||    80
       Call Imp          ||     2
  Use: Potion            ||     1
